 Dungeon Crawl Stone Soup version 0.31.0-9-g3a7656b989 (webtiles) character file.

Game seed: 184001788193502007

298 qw the Ducker (level 6, -1/30 HPs)
             Began as a Spriggan Hunter on Feb 2, 2024.
             Slain by a goblin
             ... wielding a +1 dagger of venom
             ... led by Robin
              (2 damage)
             ... on level 3 of the Dungeon.
             The game lasted 00:00:08 (1904 turns).

qw the Ducker (Spriggan Hunter)                     Turns: 1904, Time: 00:00:08

Health: -1/30      AC:  2    Str:  7    XL:     6   Next: 13%
Magic:  7/7        EV: 22    Int: 11    God:
Gold:   157        SH:  0    Dex: 20    Spells: 5/5 levels left

rFire   . . .        a - +0 shortbow
rCold   . . .        (shield currently unavailable)
rNeg    . . .        c - +0 robe
rPois   .            (helmet restricted)
rElec   .            (no cloak)
rCorr   .            (gloves unavailable)
SInv    +            (boots unavailable)
Will    +....        (no amulet)
Stlth   ++           (no ring)
HPRegen 0.25/turn    (no ring)
MPRegen 0.10/turn

%: no passive effects
@: lethally poisoned (-1 -> -6), about to teleport, very quick
A: very small, no large weapons, unfitting armour, see invisible, speed 3
a: no special abilities


You were on level 3 of the Dungeon.
You visited 1 branch of the dungeon, and saw 3 of its levels.

You collected 157 gold pieces.


Innate Abilities, Weirdness & Mutations

You are very small and have problems with some larger weapons.
You are too small for most types of armour.
You have supernaturally acute eyesight. (SInv)
You cover ground extremely quickly. (Speed+++)


   Skills:
 - Level 2.0 Fighting
 + Level 5.4 Ranged Weapons
 - Level 6.8 Dodging
 - Level 1.5 Stealth


You had 5 spell levels left.
You didn't know any spells.
Your spell library was empty.

Inventory:

Hand Weapons
 a - a +0 shortbow (weapon)
Armour
 c - a +0 robe (worn)
Wands
 e - a wand of flame (19)
Scrolls
 h - a scroll of enchant armour
Potions
 d - 2 potions of curing
 j - a potion of lignification {unknown}

Dungeon Overview and Level Annotations

Branches:
Dungeon (3/15)

Altars:
Kikubaaqudgha
Ru

Annotations:
D:2 1 runed translucent door, Crazy Yiuf


Message History

The hobgoblin misses you. The goblin completely misses you.
Robin splashes around in the water.
The giant cockroach bites the bush but does no damage.
The goblin misses you. The hobgoblin misses you.
You shoot an arrow. The arrow closely misses Robin.
The hobgoblin no longer looks unusually strong.
The goblin no longer looks unusually strong.
Robin closely misses you.
The giant cockroach bites the bush but does no damage.
The hobgoblin hits you. The goblin closely misses you.
You shoot an arrow. The arrow hits Robin.
You kill Robin!
You hear a splash. x3
The hobgoblin no longer looks unusually strong.
The giant cockroach bites the bush but does no damage.
The goblin completely misses you. The hobgoblin closely misses you.
You shoot an arrow. The arrow hits the hobgoblin.
You kill the hobgoblin!
The giant cockroach bites the bush but does no damage. x2
You shoot an arrow. The arrow hits the goblin.
You kill the goblin!
The giant cockroach bites the bush but does no damage.
The goblin hits you with a +1 dagger of venom.
You are lethally poisoned!
1902 ||| READING scroll of teleportation.
As you read the scroll of teleportation, it crumbles to dust.
You feel strangely unstable.
You feel very sick.
The giant cockroach bites the bush but does no damage.
The goblin completely misses you.
You shoot an arrow. The arrow barely misses the hobgoblin.
You feel sick.
The giant cockroach waves its antennae.
The giant cockroach bites the bush but does no damage.
The hobgoblin completely misses you. The goblin closely misses you.
The giant cockroach bites the bush but does no damage.
You shoot an arrow. The arrow barely misses the hobgoblin.
You feel sick. The hobgoblin barely misses you.
The goblin hits you with a +1 dagger of venom.
You die...

.....................
.......###.....###...
............#### ... .
....>..####.# .# .)
........###.# ##)# ...
###.###...#.####..##B).
#. ###......)~~.P777P
## ####...g~)P.....
####g@PP77.7 ##P$7 #7$7
P.. .7P. .77.. .P 7. ~P
?.


You could see a giant cockroach, a hobgoblin and a goblin.

Vanquished Creatures
  Sigmund (D:2)
  Jessica (D:3)
  Terence (D:2)
  Robin (D:3)
  2 adders (D:2)
  A ribbon worm (D:2)
  A dart slug (D:1)
  4 ball pythons
  3 endoplasms
  2 giant cockroaches
  13 goblins
  7 hobgoblins
  6 jackals
  3 kobolds (D:2)
  A quokka (D:1)
  6 bats
  3 frilled lizards
  5 rats
61 creatures vanquished.

Notes
Turn   | Place    | Note
-------+----------+-------------------------------------------
     0 | D:1      | qw the Spriggan Hunter began the quest for the Orb.
     0 | D:1      | Reached XP level 1. HP: 10/10 MP: 2/2
     0 | D:1      | 0 ||| qw: Version: 0.3-a-155-g5e7d8dd
     0 | D:1      | 0 ||| qw: Game counter: 904
     0 | D:1      | 0 ||| qw: Melee chars always use a shield: true
     0 | D:1      | 0 ||| qw: God list: Okawaru
     0 | D:1      | 0 ||| qw: Allow faded altars: false
     0 | D:1      | 0 ||| qw: Do Orc after clearing Dungeon:15 true
     0 | D:1      | 0 ||| qw: Do second Lair branch before Depths: true
     0 | D:1      | 0 ||| qw: Lair rune preference: random
     0 | D:1      | 0 ||| qw: Goals: Normal
     0 | D:1      | 0 ||| PLANNING D:1-11
    22 | D:1      | Found a faded altar of an unknown god.
    24 | D:1      | Reached skill level 3 in Dodging
    84 | D:1      | Reached XP level 2. HP: 14/14 MP: 3/3
   279 | D:1      | Reached skill level 4 in Dodging
   672 | D:1      | 672 ||| READING scroll labelled WUALIALOEPH.
   672 | D:1      | 672 ||| IDENTIFYING viscous black potion
   673 | D:1      | 673 ||| READING scroll labelled TUUZIGIGRU.
   673 | D:1      | 673 ||| ENCHANTING +0 shortbow.
   674 | D:1      | 674 ||| READING scroll labelled FAEGUNL LYRGH.
   775 | D:1      | 775 ||| READING scroll labelled IPNONG KIW ANU.
   779 | D:1      | 779 ||| DRINKING 3 amethyst potions.
   780 | D:1      | 780 ||| DROPPING scroll of butterflies.
   790 | D:2      | Reached XP level 3. HP: 18/18 MP: 4/4
   801 | D:2      | Found a runed translucent door.
   802 | D:2      | Noticed Crazy Yiuf
   974 | D:2      | Found a sacrificial altar of Ru.
  1149 | D:2      | Noticed Terence
  1153 | D:2      | Killed Terence
  1154 | D:2      | Reached XP level 4. HP: 22/22 MP: 5/5
  1450 | D:2      | Noticed Sigmund
  1451 | D:2      | 1451 ||| DRINKING potion of haste.
  1461 | D:2      | Killed Sigmund
  1462 | D:2      | Reached skill level 6 in Dodging
  1462 | D:2      | Reached XP level 5. HP: 25/25 MP: 6/6
  1630 | D:2      | 1630 ||| READING 3 scrolls labelled YJYW CIOTOSSE.
  1631 | D:2      | 1631 ||| READING scroll labelled QUEHEO OFIA.
  1632 | D:2      | 1632 ||| DROPPING 2 scrolls of poison.
  1634 | D:2      | 1634 ||| Stepping ~*~*~tactically~*~*~ (cloud).
  1785 | D:3      | Found an ancient bone altar of Kikubaaqudgha.
  1857 | D:3      | Noticed Jessica
  1860 | D:3      | Killed Jessica
  1861 | D:3      | Reached XP level 6. HP: 30/30 MP: 7/7
  1861 | D:3      | Noticed Robin
  1899 | D:3      | Killed Robin
  1901 | D:3      | HP: 7/30 [goblin/+1 dagger of venom[Robin] (3)]
  1902 | D:3      | 1902 ||| READING scroll of teleportation.
  1903 | D:3      | HP: 3/30 [poisoned by a goblin]
  1904 | D:3      | HP: 1/30 [poisoned by a goblin]
  1904 | D:3      | Slain by a goblin

Levels and vault maps discovered:
D:1:      amcnicky_arrival_double_pillar, layout_loops_ring,
          shapermc_ecumenical_altar_totnotflames
D:2:      layout_basic, basic_altar, hangedman_decor_points, uniq_terence,
          uniq_sigmund, uniq_crazy_yiuf_cottage
D:3:      layout_rooms, nicolae_elyvilon_peaceful_grove,
          mainiacjoe_overflow_paths, uniq_robin, uniq_jessica

Skill      XL: |  1  2  3  4  5 |
---------------+----------------+-----
Dodging        | 3 4 6 |  6.8
Ranged Weapons | 5 |  5.4
Fighting       | 2 |  2.0
Stealth        | |  1.5

Action                     |  1- 3 |  4- 6 || total
---------------------------+-------+-------++-------
   Fire: Shortbow          |   127 |    87 ||   214
    Use: Scroll            |     4 |     3 ||     7
         Potion            |     1 |     1 ||     2
 Armour: Robe              |    20 |    12 ||    32
  Dodge: Dodged            |    61 |    78 ||   139

Table legend:
 A = Non-vault XP
 B = Vault XP
 C = Vault XP percentage of total XP
 D = Non-vault monster count
 E = Vault monster count
 F = Vault count percentage of total count
                 A         B        C        D         E       F
            +---------+---------+-------+---------+---------+-------
      Total |     105 |     322 |  75.4 |      47 |      14 |  23.0
            +---------+---------+-------+---------+---------+-------
        D:1 |      40 |       0 |   0.0 |      24 |       0 |   0.0
        D:2 |      56 |     250 |  81.7 |      18 |       2 |  10.0
        D:3 |       9 |      72 |  88.9 |       5 |      12 |  70.6
            +---------+---------+-------+---------+---------+-------
